cohdb
Replays
Latest Replays
All Replays
Popular Replays
Top Player Replays
Match Explorer
How It Works
Community
CoH3 Stats
Reddit
Sign in to upload your games and track your stats! →
Sign in with Steam
Match 47179436
Unlisted
Match 47179436
Overview
Messages
Build Orders
End
Royal Engineer Section
Construct Section Command Post
Infantry Section
Selects Heavy Armor Battlegroup
Selects Heavy Armor Battlegroup
Infantry Section
Infantry Section
Construct Platoon Command Post
Unlock M3 Stuart Light Tanks
Selects Rigorous Vehicle Training
M3 Stuart Light Tank
Construct Field Infirmary
Infantry Section
Infantry Training
M3 Stuart Light Tank
Light Vehicle Training
Selects Light Vehicle Withdraw and Refit
Selects UNKNOWN (202330)
Selects Designate Targets
Designate Targets
Construct Company Command Post
6-pounder Anti-tank Gun Team
6-pounder Anti-tank Gun Team
Designate Targets
Crusader AA Medium Tank
Crusader AA Medium Tank
Armored Vehicle Training
Designate Targets
Crusader AA Medium Tank
Designate Targets
Tonimontana
UMirinBrah?
0
0
Comments
sign in to comment!
No comments posted yet!